 Dungeon Crawl Stone Soup version 0.21-a0-621-gc60411f (webtiles) character file.

135 Amnesiac the Insei (level 5, 0/35 HPs)
             Began as an Octopode Transmuter on Dec 23, 2017.
             Was an Initiate of Okawaru.
             Killed from afar by a white imp (8 damage)
             ... with a puff of frost
             ... summoned by Eustachio
             ... on level 4 of the Dungeon.
             The game lasted 00:02:55 (2582 turns).

Amnesiac the Insei (Octopode Transmuter)            Turns: 2582, Time: 00:02:56

Health: 0/35       AC:  1    Str:  9    XL:     5   Next: 18%
Magic:  7/8        EV: 23    Int: 15    God:    Okawaru [......]
Gold:   93         SH:  0    Dex: 14    Spells: 2/8 levels left

rFire    . . .     SeeInvis .     - Unarmed
rCold    . . .     Gourm    .   (no shield)
rNeg     . . .     Faith    .   (helmet restricted)
rPois    .         Spirit   .   (no amulet)
rElec    .         Reflect  .   k - +4 ring of evasion
rCorr    .         Harm     .   s - +5 ring of evasion
MR       .....                  (no ring)
Stlth    ++........             (no ring)
HPRegen  0.11/turn              (no ring)
MPRegen  0.11/turn              (no ring)
                                (no ring)
                                (no ring)

@: no status effects
A: almost no armour, stealthy swim, amphibious, 8 rings, constrict 8, camouflage
1, gelatinous body 1
a: Renounce Religion


You were on level 4 of the Dungeon.
You worshipped Okawaru.
Okawaru was noncommittal.
You were hungry.

You visited 1 branch of the dungeon, and saw 4 of its levels.

You collected 93 gold pieces.

Inventory:

Missiles
 a - 12 arrows
 l - 127 stones (quivered)
 o - 26 poisoned needles
Jewellery
 k - a +4 ring of evasion (left tentacle)
 s - a +5 ring of evasion (right tentacle)
Scrolls
 d - a scroll of blinking {!r, unknown}
 e - 2 scrolls of identify {!r, unknown}
 g - 4 scrolls of teleportation {!r, unknown}
 h - a scroll of enchant weapon {!r, unknown}
 i - a scroll of random uselessness {!r, unknown}
 j - a scroll of noise {!r, unknown}
 m - 4 scrolls of remove curse {!r, unknown}
 q - a scroll of enchant armour {!r, unknown}
 r - a scroll of magic mapping {!r, unknown}
Potions
 f - a potion of haste {!q, unknown}
 n - a potion of heal wounds {!q, unknown}
 p - a potion of flight {!q, unknown}
 t - 4 potions of curing {!q}
 v - a potion of lignification {!q, unknown}
 w - 2 potions of resistance {!q, unknown}
Books
 b - a book of Changes

   Spells                             Type                      Level
   a - Beastly Appendage              Transmutation                1
   b - Sticks to Snakes               Transmutation                2
   c - Spider Form                    Transmutation/Poison         3
   d - Ice Form                       Ice/Transmutation            4
   e - Blade Hands                    Transmutation                5
Comestibles
 c - 8 rations
 u - 3 chunks of flesh


   Skills:
 + Level 2.3 Fighting
 + Level 2.3 Dodging
 * Level 3.6 Unarmed Combat
 + Level 2.4 Spellcasting
 * Level 3.5 Transmutations


You had 2 spell levels left.
You knew the following spells:

 Your Spells              Type           Power        Failure   Level  Hunger
a - Beastly Appendage     Tmut           ##....       4%          1    #......
b - Sticks to Snakes      Tmut           ##......     8%          2    ###....
e - Spider Form           Tmut/Pois      #.........   30%         3    ###....


Dungeon Overview and Level Annotations

Branches:
Dungeon (4/15)
 Temple: D:4-7

Altars:
Fedhas
Okawaru

Annotations:
D:4 Eustachio


Innate Abilities, Weirdness & Mutations

You cannot wear most types of armour.
You are very stealthy in the water. (Stealth+)
You are amphibious.
You can wear up to eight rings at the same time.
You can use your tentacles to constrict eight enemies at once.
Your skin changes colour to match your surroundings (Stealth+).
Your rubbery body absorbs attacks. (AC +1, EV +1)


Message History

Throwing (i - inventory):
l - 124 stones (quivered)
Press: ? - help, Shift-Dir - straight line, f/p - leopard gecko skeleton
Aim: a leopard gecko skeleton (moderately damaged)
You throw a stone.
The stone barely misses the leopard gecko skeleton.
The leopard gecko skeleton completely misses you.
You tentacle-slap the leopard gecko skeleton.
You destroy the leopard gecko skeleton!
Okawaru accepts your kill.
No target in view!
No target in view!
l - 124 stones (gained 1) HP restored.
l - 126 stones (gained 2)
l - 127 stones (gained 1)
You hear the slow hiss of a distant avalanche of sand.
Eustachio the Magnificent comes into view.
He is wielding a rapier.
Wield which item (- for none, * to show all)? (? for menu, Esc to quit)
Okay, then.
Casting: Spider Form
Confirm with . or Enter, or press ? or * to list all spells.
You turn into a venomous arachnid creature.
Eustachio shouts!
You miss Eustachio. Eustachio completely misses you.
You hit Eustachio but do no damage.
Eustachio is poisoned.
You barely miss Eustachio.
Eustachio gestures wildly while chanting.
You hit Eustachio.
Eustachio looks as sick as possible!
Eustachio is lightly wounded.
Eustachio closely misses you. The white imp gestures at you.
The puff of frost hits you!
You bite Eustachio!
Eustachio looks as sick as possible!
Eustachio is moderately wounded.
Eustachio drinks a potion.
Eustachio is healed!
Eustachio looks more healthy.
The iron imp misses you.
You miss Eustachio.
Eustachio is moderately wounded.
The white imp gestures at you. The puff of frost misses you.
Eustachio closely misses you. The iron imp misses you.
You completely miss Eustachio.
Eustachio is moderately wounded.
The white imp gestures at you. The puff of frost hits you!
* * * LOW HITPOINT WARNING * * *
Eustachio casts a spell.
Eustachio blinks!
Unknown command.
Your transformation is almost over.
The iron imp completely misses you. The iron imp completely misses you.
The white imp gestures at you. The puff of frost hits you!
* * * LOW HITPOINT WARNING * * *
You are feeling hungry.
Your transformation has ended.
The iron imp disappears in a puff of smoke!
The white imp gestures at you. The puff of frost misses you.
You see here a hound skeleton.
The white imp gestures at you. The puff of frost hits you!
You die...

##.###....######....##.#
.##.
#....'....'....#....# .#
######....####.#....#
#.# #....# ##.#....##
#.# #....# #........#
#.# #....# #..#.....#
#.# # #....#
#..#####.#.#@#.# ######
#..#####.#.#.#.####
#.@#.....#5§.......
######[÷#.##..###.#
#.)........#..##55#
#.#####.#..#..##.##
#.......#..#..##.#
#####.#.#..#..5.5#
#......5####.#####
#.###.#...55...#
#.#...##.#.#


You could see a white imp.

Vanquished Creatures
  A hound (D:4)
  3 adders
  An ooze (D:3)
  A worm (D:3)
  A dart slug (D:3)
  2 leopard geckos
  An orc (D:3)
  4 giant cockroaches
  7 goblins
  12 hobgoblins
  7 jackals (D:3)
  6 kobolds
  A quokka (D:2)
  A ball python (D:3)
  6 bats
  2 frilled lizards
  A jackal skeleton (D:3)
  A leopard gecko skeleton (D:4)
  3 rats
61 creatures vanquished.

Notes
Turn   | Place    | Note
-------+----------+-------------------------------------------
     0 | D:1      | Amnesiac the Octopode Transmuter began the quest for the Orb.
     0 | D:1      | Reached XP level 1. HP: 13/13 MP: 3/3
    90 | D:1      | Reached XP level 2. HP: 16/18 MP: 5/5
   596 | D:1      | Learned a level 2 spell: Sticks to Snakes
   718 | D:2      | Found an iron altar of Okawaru.
   768 | D:2      | Became a worshipper of Warmaster Okawaru
  1060 | D:2      | Found a faded altar of an unknown god.
  1190 | D:2      | Reached XP level 3. HP: 21/24 MP: 6/6
  1513 | D:2      | Learned a level 3 spell: Spider Form
  1719 | D:3      | Reached XP level 4. HP: 26/29 MP: 7/7
  2109 | D:3      | Found a blossoming altar of Fedhas.
  2526 | D:4      | Reached XP level 5. HP: 27/35 MP: 8/8
  2554 | D:4      | Noticed Eustachio
  2582 | D:4      | Killed from afar by a white imp

Vault maps used:
D:1:      lightli_arrival_maybe_door_vault, hangedman_decor_push
D:2:      old_standard_altar, chequers_ecumenical_altar_simple_redux
D:3:      lemuel_round_altar
D:4:      kennysheep_mini, first_ration, enter_ossuary_1, uniq_eustachio

Skill      XL: |  1  2  3 |
---------------+----------+-----
Fighting       | 2 |  2.3
Transmutations | 3 |  3.5
Dodging        | |  2.3
Unarmed Combat | |  3.6
Spellcasting   | |  2.4

Action                   |  1- 3 |  4- 6 || total
-------------------------+-------+-------++-------
Melee: Unarmed           |    67 |    78 ||   145
       Constrict         |    25 |    21 ||    46
       Tentacles         |    13 |    12 ||    25
       Punch             |     2 |       ||     2
Throw: Stone             |    71 |    76 ||   147
 Cast: Spider Form       |       |     1 ||     1
 Stab: Sleeping          |     1 |       ||     1
  Eat: Chunk             |     3 |     2 ||     5
Armor: Skin              |     8 |     5 ||    13
Dodge: Dodged            |    39 |    78 ||   117

Table legend:
 A = Spawn XP
 B = Non-spawn XP
 C = Spawn XP percentage of total XP
 D = Spawn monster count
 E = Non-spawn monster count
 F = Spawn count percentage of total count
 G = Total turns spent on level
                    A         B        C        D         E        F      G
               +---------+---------+-------+---------+---------+-------+---------
         Total |       0 |     194 |   0.0 |       0 |      61 |   0.0 |  2582
               +---------+---------+-------+---------+---------+-------+---------
           D:1 |       0 |      22 |   0.0 |       0 |      13 |   0.0 |   597
           D:2 |       0 |      29 |   0.0 |       0 |       9 |   0.0 |   956
           D:3 |       0 |      97 |   0.0 |       0 |      37 |   0.0 |   897
           D:4 |       0 |      46 |   0.0 |       0 |       2 |   0.0 |   132
               +---------+---------+-------+---------+---------+-------+---------
